 Dungeon Crawl Stone Soup version 0.26-a0-757-g626ac9e51a (webtiles) character file.

Game seed: 12320605117185345690

39 miscthings the Chopper (level 3, 0/33 HPs)
             Began as a Palentonga Delver on Nov 8, 2020.
             Succumbed to an adder's poison
             ... in a sewer.
             The game lasted 00:00:45 (429 turns).

miscthings the Chopper (Palentonga Delver)           Turns: 429, Time: 00:00:46

Health: 0/33       AC:  4    Str: 16    XL:     3   Next: 26%
Magic:  3/3        EV:  9    Int: 10    God:
Gold:   4          SH:  0    Dex: 11    Spells: 2/2 levels left

rFire    . . .     SeeInvis +   a - +0 hand axe
rCold    . . .     Faith    .   (no shield)
rNeg     . . .     Spirit   .   b - +0 leather armour
rPois    .         Reflect  .   (no helmet)
rElec    .         Harm     .   (no cloak)
rCorr    .         Rampage  .   (no gloves)
MR       .....                  (no barding)
Stlth    ++........             (no amulet)
HPRegen  0.11/turn              (no ring)
MPRegen  0.08/turn              (no ring)

@: mighty, lethally poisoned (0 -> -6)
A: large, rugged brown scales 3, see invisible, deformed body, roll, armoured
tail
a: Rolling Charge


You were in a sewer.
You visited 1 branch of the dungeon, and saw 1 of its levels.
You also visited: Sewer.

You collected 4 gold pieces.

Inventory:

Hand Weapons
 a - a +0 hand axe (weapon)
Armour
 b - a +0 leather armour (worn)
Wands
 g - a wand of digging (3)
Scrolls
 c - a scroll of fog
 d - a scroll of magic mapping
 e - a scroll of fear
 i - a scroll of enchant armour {unknown}
 j - a scroll of noise {unknown}
 k - a scroll of remove curse {unknown}
Potions
 f - a potion of haste


   Skills:
 - Level 3.0 Fighting
 + Level 3.6 Axes
 - Level 1.5 Dodging
 - Level 3.4 Stealth


You had 2 spell levels left.
You didn't know any spells.
Your spell library was empty.

Dungeon Overview and Level Annotations

Branches:
Dungeon (5/15)              Sewer (1/1)
 Temple: D:4-7

Altars:


Innate Abilities, Weirdness & Mutations

You are completely covered in rugged brown scales. (AC +3, +7% HP)
You have supernaturally acute eyesight. (SInv)
Armour fits poorly on your strangely shaped body.
You can roll at foes to attack.
You have a long armoured tail.


Message History

You are more poisoned.
The adder poisons you! The adder barely misses you.
You closely miss the adder.
The adder is severely wounded.
The adder closely misses you.
It was a potion of might.
You feel very mighty all of a sudden.
* * * LOW HITPOINT WARNING * * *
You feel sick. The adder barely misses you.
You miss the adder.
The adder is severely wounded.
* * * LOW HITPOINT WARNING * * *
You feel sick. The adder barely misses you. x2
The rat twitches its whiskers.
You miss the adder.
Your tail-slap misses the adder.
The adder is severely wounded.
The adder closely misses you.
You completely miss the adder.
Your tail-slap misses the adder.
The adder is severely wounded.
You die...

≈.... ... ...
.≈. #≈# #≈# #r#
##S## ##.@.##
#≈∩...#
≈≈≈≈≈≈≈≈∩.≈≈≈≈≈
..####..≈≈≈##≈#
##≈≈≈## # ##≈##
#≈# #≈# ≈#


You could see an adder and a rat.

Vanquished Creatures
  A worker ant zombie (D:5)
  An adder (D:5)
  An ooze (Sewer)
  2 worms (D:5)
  An orc (D:5)
  2 jackals (D:5)
8 creatures vanquished.

Notes
Turn   | Place    | Note
-------+----------+-------------------------------------------
     0 | D:5      | miscthings the Palentonga Delver began the quest for the
                  | Orb.
     0 | D:5      | Reached XP level 1. HP: 20/20 MP: 1/1
    12 | D:5      | Reached XP level 2. HP: 19/27 MP: 2/2
   111 | D:5      | Found a glowing drain.
   135 | D:5      | Reached XP level 3. HP: 12/33 MP: 3/3
   401 | Sewer    | Entered a sewer
   427 | Sewer    | HP: 1/33 [poisoned by an adder]
   429 | Sewer    | Succumbed to an adder's poison

Illustrated notes

Levels and vault maps discovered:
D:5:      layout_gridville, nicolae_overflow_crystal_walls, old_standard_altar,
          cheibrodos_sewer_entry_drain, minivault_25, grunt_ministairs_10,
          eino_small_chamber_without_monster
Sewer:    sewer_co_15_rooms

Skill      XL: |  1  2 |
---------------+-------+-----
Axes           | 3 |  3.6
Fighting       | |  3.0
Dodging        | |  1.5
Stealth        | |  3.4

Action                   || total
-------------------------++-------
Melee: Hand axe          ||    45
       Tailslap          ||     5
 Abil: Rolling Charge    ||     4
  Use: Potion            ||     1
Armor: Leather armour    ||     6
Dodge: Dodged            ||    25

Table legend: (Time is in decaauts)
 A = Elapsed time spent in this place.
 B = Non-inter-level travel time spent in this place.
 C = Inter-level travel time spent in this place.
 D = Time resting spent in this place.
 E = Time spent auto-exploring this place.
 F = Levels seen in this place.
 G = Mean time per level.
                   A        B        C        D        E       F      G
               +--------+--------+--------+--------+--------+-----+--------+
         Total |    437 |    437 |      0 |    322 |      1 |   2 |  218.5 |
       Dungeon |    406 |    406 |      0 |    322 |      1 |   1 |  406.0 |
         Sewer |     30 |     30 |      0 |      0 |      0 |   1 |   30.0 |
               +--------+--------+--------+--------+--------+-----+--------+

Top non-repeatable levels by time:
     D:5: 406 daAuts
   Sewer: 30 daAuts
